 Dungeon Crawl Stone Soup version bcrawl-1.21.2-28-g2cb1824106 (webtiles) character file.

Game seed: 11747033725430887229

96 BeastOfSaturn the Sneak (level 4, 0/25 HPs)
             Began as a Vine Stalker Archaeologist on Mar 8, 2020.
             Succumbed to a worker ant's poison
             ... on level 2 of the Dungeon.
             The game lasted 00:08:34 (1556 turns).

BeastOfSaturn the Sneak (VSAc)                      Turns: 1556, Time: 00:08:34

Health: 0/25       AC:  8    Str: 12 (14) XL:     4   Next: 67%
Magic:  5/5        EV: 11    Int: 13 (15) God:
Gold:   206        SH:  0    Dex: 11 (12) Spells: 3/3 levels left

rFire    . . .     SeeInvis .   a - +0 whip
rCold    . . .     Gourm    .   (no shield)
rNeg     . . .     Faith    .   i - +0 ring mail
rPois    .         Spirit   .   c - +1 hat
rElec    .         Reflect  .   (no cloak)
rCorr    .         Harm     .   (no gloves)
MR       .....                  d - +1 pair of boots
Stlth    ++........             (no amulet)
HPRegen  0.48/turn              p - ring of flight
MPRegen  0.09/turn              (no ring)

@: lethally poisoned (0 -> -5)
A: fangs 2, regeneration 1, no potion heal 3, rot immunity, strong jaws
a: Evoke Flight


You were on level 2 of the Dungeon.
You were hungry.

You visited 1 branch of the dungeon, and saw 2 of its levels.

You collected 206 gold pieces.

Inventory:

Hand Weapons
 a - a +0 whip (weapon)
Armour
 b - a +1 robe
 c - a +1 hat (worn)
 d - a +1 pair of boots (worn)
 i - a +0 ring mail (worn)
Jewellery
 p - a ring of flight (left hand)
Scrolls
 g - a scroll of magic mapping
 j - a scroll of enchant armour {unknown}
 k - a scroll of amnesia {unknown}
 m - a scroll of immolation {unknown}
 o - a scroll of fog {unknown}
 s - a scroll of teleportation {unknown}
 t - a scroll of remove curse {unknown}
 u - a scroll of identify {unknown}
Potions
 h - a potion of ambrosia {unknown}
 l - a potion of invisibility {unknown}
 n - 3 potions of heal wounds
 q - a potion of degeneration
 r - 2 potions of curing {unknown}
Miscellaneous
 f - a dusty tome
Comestibles
 e - 7 rations {!d}


   Skills:
 * Level 1.6 Fighting
 - Level 0.8 Maces & Flails
 * Level 1.4 Armour
 + Level 3.5 Dodging
 * Level 5.9 Stealth


You had 3 spell levels left.
You didn't know any spells.
Your spell library was empty.

Dungeon Overview and Level Annotations

Branches:
Dungeon (2/12)

Altars:
Lugonu

Annotations:
D:2 Jessica, Sigmund


Innate Abilities, Weirdness & Mutations

You have extremely sharp teeth.
Your natural rate of healing is unusually fast.
Potions cannot restore your health.
You are immune to rotting.
Your bites deal extra damage.


Message History

You hit the worker ant. Your bite misses the worker ant.
The worker ant is almost dead.
* * * LOW HITPOINT WARNING * * *
You feel sick. The worker ant barely misses you.
You hit the worker ant.
You kill the worker ant!
* * * LOW HITPOINT WARNING * * *
You feel sick.
* * * LOW HITPOINT WARNING * * *
You feel sick.
* * * LOW HITPOINT WARNING * * *
You feel sick.
Jessica looks very angry.
It was a potion of heal wounds.
That seemed strangely inert.
* * * LOW HITPOINT WARNING * * *
You feel sick.
It was a potion of degeneration.
There was something very wrong with that liquid.
You feel weakened.
You feel dopey.
You feel clumsy.
You die...

#. #. ### #.# #.. #####.## #.#
.......# #.# #####....# #######
###.#
##...##...####......####.#.#
##.....##..†@.@.# #...#.###
#.......#..###### ##.##.#.#.##.
#..._.....>....................
#.......#..#######.#....#.#....
##.....##..# #.#.#..#)#####
##...##...#######.###..#.# #
#####.............. ..#.#####
#...............).# #.#......
#^................# #.#.#####


You could see Jessica.

Vanquished Creatures
  A worker ant (D:2)
  2 oozes
  3 worms (D:2)
  3 dart slugs
  5 leopard geckos
  An orc (D:2)
  2 bats (D:1)
  2 giant cockroaches
  4 hobgoblins
  A quokka (D:2)
  A ball python (D:2)
  4 goblins
  7 kobolds
  10 rats
46 creatures vanquished.

Notes
Turn   | Place    | Note
-------+----------+-------------------------------------------
     0 | D:1      | BeastOfSaturn the Vine Stalker Archaeologist began the
                  | quest for the Orb.
     0 | D:1      | Reached XP level 1. HP: 11/11 MP: 2/2
    76 | D:1      | Reached skill level 1 in Fighting
    76 | D:1      | Reached XP level 2. HP: 16/16 MP: 3/3
   174 | D:1      | Reached skill level 5 in Stealth
   398 | D:1      | Reached XP level 3. HP: 20/20 MP: 4/4
   996 | D:2      | Reached XP level 4. HP: 25/25 MP: 5/5
  1021 | D:2      | Noticed Sigmund
  1121 | D:2      | Reached skill level 1 in Armour
  1519 | D:2      | Found a corrupted altar of Lugonu.
  1520 | D:2      | Noticed Jessica
  1556 | D:2      | Succumbed to a worker ant's poison

Skill      XL: |  1  2  3  4 |
---------------+-------------+-----
Fighting       | 1 |  1.6
Stealth        | 5 |  5.9
Armour         | 1 |  1.4
Maces & Flails | |  0.8
Dodging        | |  3.5

Action                   |  1- 3 |  4- 6 || total
-------------------------+-------+-------++-------
Melee: Whip              |   192 |    66 ||   258
       Bite              |    17 |     7 ||    24
  Use: Potion            |       |     2 ||     2
 Stab: Sleeping          |     6 |       ||     6
  Eat: Chunk             |     1 |     1 ||     2
Armor: Robe              |     8 |       ||     8
       Ring mail         |    55 |    25 ||    80
Dodge: Dodged            |    92 |    39 ||   131
